 Dungeon Crawl Stone Soup version 0.26-a0-1033-gd598b01645 (webtiles) character file.

Game seed: 5104903316866596070

170 timneilson the Covered (level 5, -6/33 HPs)
             Began as a Gargoyle Fighter on Dec 10, 2020.
             Mangled by Menkaure (17 damage)
             ... on level 4 of the Dungeon.
             The game lasted 00:06:00 (2279 turns).

timneilson the Covered (Gargoyle Fighter)           Turns: 2279, Time: 00:06:01

Health: -6/33      AC: 13    Str: 20    XL:     5   Next: 51%
Magic:  5/5        EV:  7    Int:  9    God:
Gold:   169        SH:  9    Dex:  9    Spells: 4/4 levels left

rFire    + + .     SeeInvis .   a - +1 long sword
rCold    x . .     Faith    .   c - +0 kite shield
rNeg     + . .     Spirit   .   o - +0 fire dragon scales (curse)
rPois    ∞         Reflect  .   (no helmet)
rElec    +         Harm     .   (no cloak)
rCorr    .         Rampage  .   (no gloves)
Will     .....                  (no boots)
Stlth    ..........             (no amulet)
HPRegen  0.11/turn              l - ring of flight
MPRegen  0.09/turn              q - ring of stealth

@: no status effects
A: negative energy resistance 1, electricity resistance, unbreathing,
petrification resistance, rot immunity, AC +4
a: Evoke Flight


You were on level 4 of the Dungeon.
You visited 1 branch of the dungeon, and saw 4 of its levels.

You collected 169 gold pieces.

Inventory:

Hand Weapons
 a - a +1 long sword (weapon)
Armour
 b - a +0 scale mail
 c - a +0 kite shield (worn)
 e - a +0 chain mail
 o - cursed +0 fire dragon scales (worn)
Jewellery
 l - a ring of flight (left hand)
 q - a ring of stealth (right hand)
Scrolls
 i - 2 scrolls of enchant weapon
 k - a scroll of teleportation
Potions
 d - a potion of might
 f - a potion of magic
 g - 2 potions of heal wounds
 h - a potion of invisibility
 m - a potion of haste {unknown}
 n - a potion of brilliance {unknown}
 p - a potion of resistance {unknown}


   Skills:
 + Level 3.8 Fighting
 * Level 3.1 Long Blades
 * Level 4.5 Armour
 * Level 4.4 Shields


You had 4 spell levels left.
You didn't know any spells.
Your spell library was empty.

Dungeon Overview and Level Annotations

Branches:
Dungeon (4/15)
 Temple: D:4-7

Altars:
Cheibriados
Nemelex Xobeh
Sif Muna
Uskayaw
Yredelemnul
The Shining One

Annotations:
D:4 Menkaure


Innate Abilities, Weirdness & Mutations

You are resistant to torment.
Your stone body is resilient. (AC +4)
You are immune to poison.
You resist negative energy. (rN+)
You are resistant to electric shocks. (rElec)
You can survive without breathing.
You are immune to petrification.
You are immune to rotting.


Message History

Your body is wracked with pain!
You barely miss Menkaure.
Menkaure points at you and mumbles some strange words.
You barely resist. You barely miss Menkaure. Menkaure hits you!
Menkaure hits you but does no damage.
You barely miss Menkaure.
Menkaure points at you and mumbles some strange words.
You barely resist.
Menkaure gestures at you while chanting.
You barely resist. You hit Menkaure.
Menkaure is moderately damaged.
Menkaure gestures at you while chanting.
Pain shoots through your body!
You slash Menkaure!
Menkaure is heavily damaged.
Menkaure completely misses you. Menkaure hits you!
Ouch! That really hurt!
You die...

*,* #.# **.#* *,*
*,* #.#**#...****,*
*,*
##.##.....,,,,,*
*,*
#.....#,,,******
*,** #..####*,**
*>,* #..# *,* **,*
#..# *,* *,*
#..#####.# *,*
#..@M....# *,*
#.######## *,*
#.#******** *,*
#........,* *****
*,* #########,*
*,,,,
*,************,*
*,***
*,**,,,,,,,,,,,*
*,***
*,**,**,***,*******
*,*,* *,**,**,*
*,,,,,,,***,,,,


You could see Menkaure (fast).

Vanquished Creatures
  Jessica (D:3)
  A howler monkey skeleton (D:3)
  3 adders
  An ooze (D:3)
  4 worms (D:2)
  4 dart slugs
  A leopard gecko (D:1)
  2 orcs (D:3)
  3 ball pythons
  14 bats
  3 giant cockroaches (D:3)
  7 goblins
  7 hobgoblins
  8 jackals (D:3)
  8 kobolds
  A quokka (D:2)
  3 frilled lizards (D:1)
  A quokka zombie (D:3)
  8 rats
  A bush (D:1)
81 creatures vanquished.

Vanquished Creatures (others)
  6 plants (D:1)
6 creatures vanquished.

Grand Total: 87 creatures vanquished

Notes
Turn   | Place    | Note
-------+----------+-------------------------------------------
     0 | D:1      | timneilson the Gargoyle Fighter began the quest for the
                  | Orb.
     0 | D:1      | Reached XP level 1. HP: 14/14 MP: 1/1
   154 | D:1      | Reached XP level 2. HP: 16/19 MP: 2/2
   467 | D:1      | Reached XP level 3. HP: 20/23 MP: 3/3
  1041 | D:2      | Reached XP level 4. HP: 28/28 MP: 4/4
  1168 | D:2      | Found a faded altar of an unknown god.
  1419 | D:3      | Found a glowing golden altar of the Shining One.
  1440 | D:3      | Found a shimmering blue altar of Sif Muna.
  1494 | D:3      | Noticed Jessica
  1521 | D:3      | Killed Jessica
  1522 | D:3      | Reached XP level 5. HP: 18/33 MP: 5/5
  1795 | D:3      | Found a basalt altar of Yredelemnul.
  1880 | D:3      | Found a snail-covered altar of Cheibriados.
  2204 | D:3      | Found a sparkling altar of Nemelex Xobeh.
  2204 | D:3      | Found a hide-covered altar of Uskayaw.
  2269 | D:4      | Noticed Menkaure
  2279 | D:4      | Mangled by Menkaure

Illustrated notes

Levels and vault maps discovered:
D:1:      scummos_arrival_simple_crosswalls, layout_loops_ring, serial_forest,
          infiniplex_forest_clump_medium, infiniplex_forest_straight_4,
          infiniplex_forest_lined_corner, infiniplex_forest_lined_1,
          infiniplex_forest_lined_1, minmay_pentomino_p4
D:2:      layout_rooms, chequers_ecumenical_altar_simple_redux
D:3:      layout_basic, kennysheep_slug_shrine, led_sif_book,
          lemuel_doored_altar, nicolae_overflow_hidden_temple,
          kennysheep_crisscross, uniq_jessica
D:4:      layout_loops_ring, fedhas_ov_isle_minmay, vehumet_crystals,
          gup_sewer_entry_bowl, minmay_misc_feat_chi, uniq_pikel, uniq_menkaure

Skill      XL: |  1  2  3  4  5 |
---------------+----------------+-----
Long Blades    | 2 3 |  3.1
Armour         | 4 |  4.5
Shields        | 4 |  4.4
Fighting       | |  3.8

Action                   |  1- 3 |  4- 6 || total
-------------------------+-------+-------++-------
Melee: Long sword        |   168 |   134 ||   302
  Use: Scroll            |     1 |     7 ||     8
Armor: Scale mail        |    75 |    97 ||   172
       Fire dragon scale |       |    28 ||    28
Dodge: Dodged            |    44 |    61 ||   105
Block: Kite shield       |    60 |    87 ||   147
       Rpst.: Long sword |    15 |    22 ||    37

Table legend: (Time is in decaauts)
 A = Elapsed time spent in this place.
 B = Non-inter-level travel time spent in this place.
 C = Inter-level travel time spent in this place.
 D = Time resting spent in this place.
 E = Time spent auto-exploring this place.
 F = Levels seen in this place.
 G = Mean time per level.
                   A        B        C        D        E       F      G
               +--------+--------+--------+--------+--------+-----+--------+
         Total |   2382 |   2261 |    121 |      0 |   1544 |   4 |  595.5 |
       Dungeon |   2382 |   2261 |    121 |      0 |   1544 |   4 |  595.5 |
               +--------+--------+--------+--------+--------+-----+--------+

Top non-repeatable levels by time:
     D:1: 951 daAuts
     D:3: 889 daAuts
     D:2: 519 daAuts
     D:4: 21 daAuts
